 Dungeon Crawl Stone Soup version 0.29-a0-994-gc5c9f59d18 (webtiles) character file.

Game seed: 17975549236027018245

111 Newt the Grave Robber (level 4, -4/34 HPs)
             Began as a Hill Orc Necromancer on Aug 3, 2022.
             Killed from afar by Natasha (9 damage)
             ... with a magic dart
             ... on level 3 of the Dungeon.
             The game lasted 00:06:45 (2744 turns).

Newt the Grave Robber (Hill Orc Necromancer)        Turns: 2744, Time: 00:06:46

Health: -4/34      AC:  2    Str: 10    XL:     4   Next: 92%
Magic:  1/7        EV: 12    Int: 15    God:
Gold:   110        SH:  0    Dex: 13    Spells: 6/7 levels left

rFire   . . .      SeeInvis .   g - +0 sling
rCold   . . .      Faith    .   (no shield)
rNeg    . . .      Spirit   .   a - +0 robe
rPois   .          Reflect  .   (no helmet)
rElec   .          Harm     .   (no cloak)
rCorr   .          Rampage  .   (no gloves)
Will    .....                   (no boots)
Stlth   ++........              (no amulet)
HPRegen 0.11/turn               (no ring)
MPRegen 0.10/turn               (no ring)

@: slowed, very slow
A: no striking features
a: no special abilities


You were on level 3 of the Dungeon.
You visited 1 branch of the dungeon, and saw 3 of its levels.

You collected 110 gold pieces.

Inventory:

Hand Weapons
 g - a +0 sling (weapon)
Armour
 a - a +0 robe (worn)
Scrolls
 b - 2 scrolls of fear
 c - a scroll of noise {unknown}
 d - a scroll of identify {unknown}
Potions
 e - a potion of heal wounds {unknown}
 f - a potion of degeneration {unknown}


   Skills:
 + Level 0.6 Fighting
 * Level 2.0 Ranged Weapons
 + Level 1.6 Dodging
 + Level 1.6 Stealth
 + Level 2.1 Spellcasting
 + Level 4.8 Necromancy
 * Level 0.6 Poison Magic


You had 6 spell levels left.
You knew the following spells:

 Your Spells              Type           Power      Damage    Failure   Level
a - Necrotise             Necr           64%        1d7       3%          1

Your spell library contained the following spells:

 Spells                   Type           Power      Damage    Failure   Level
 Vampiric Draining        Necr           16%        2d7       9%          3
 Animate Dead             Necr           16%        N/A       30%         4
 Dispel Undead            Necr           16%        3d10      30%         4
 Agony                    Necr           16%        N/A       63%         5
 Corpse Rot               Necr/Pois/Air  7%         N/A       71%         4
 Summon Ice Beast         Ice/Summ       1%         N/A       91%         4
 Summon Mana Viper        Hex/Summ       1%         N/A       99%         5
 Death Channel            Necr           8%         N/A       99%         6
 Monstrous Menagerie      Summ           0%         N/A       100%        7


Dungeon Overview and Level Annotations

Branches:
Dungeon (3/15)

Altars:

Annotations:
D:3 Natasha


Message History

Aiming: Necrotise (safe; 3% risk of failure)
Press: ? - help, Shift-Dir - straight line, f/p - Natasha
Aim: Natasha (heavily wounded, chance to affect: 73%) Natasha writhes in agony.
Natasha claws you.
* * * LOW HITPOINT WARNING * * *
Casting: Necrotise (safe; 3% risk of failure)
Confirm with . or Enter, or press ? or * to list all spells.
Aiming: Necrotise (safe; 3% risk of failure)
Press: ? - help, Shift-Dir - straight line, f/p - Natasha
Aim: Natasha (severely wounded, chance to affect: 73%) Natasha struggles to resist.
Natasha claws you but does no damage.
Unknown command.
Fire: g) +0 sling
Press: ? - help, Q - select action, (/) - cycle Shift-Dir - straight line, f/p - Natasha
Aim: Natasha (severely wounded, 45% to hit)
You shoot a sling bullet.
The sling bullet completely misses Natasha.
Natasha barely misses you.
Read: 3 scrolls of fear
Press: ? - help, Q - select action, (/) - cycle Dir - look around, f - activate
As you read the scroll of fear, it crumbles to dust.
You assume a fearsome visage.
Natasha looks frightened!
Fire: g) +0 sling
Press: ? - help, Q - select action, (/) - cycle Shift-Dir - straight line, f - Natasha
Aim: Natasha (severely wounded, fleeing, 45% to hit)
You shoot a sling bullet.
The sling bullet closely misses Natasha.
Natasha casts a spell at you.
You feel yourself slow down.
Fire: g) +0 sling
Press: ? - help, Q - select action, (/) - cycle Shift-Dir - straight line, f/p - Natasha
Aim: Natasha (severely wounded, fleeing, 45% to hit)
You shoot a sling bullet. The sling bullet hits Natasha.
Your attack snaps Natasha out of her fear.
Natasha is almost dead.
Cornered, Natasha turns to fight!
Natasha casts a spell at you. The magic dart hits you!
You die...

#......#
#......######..........
#......................
###.##.................
#.##.................
##.##.........h.......
#^..########..........
###...# #..........
..#...########..@†......
..##..............##+###
..###############.#
............... .#
..####......... .# ###
#.######## .# #.# .# #.#
.# #<#


You could see Natasha.

Vanquished Creatures
  Natasha (D:3)
  3 adders (D:3)
  A worm (D:3)
  A dart slug (D:2)
  3 orcs (D:3)
  7 ball pythons
  5 endoplasms
  2 giant cockroaches
  6 goblins
  2 hobgoblins
  2 jackals
  4 kobolds
  3 quokkas
  A bat (D:1)
  A frilled lizard (D:1)
  2 rats
44 creatures vanquished.

Vanquished Creatures (collateral kills)
  2 jackals
2 creatures vanquished.

Grand Total: 46 creatures vanquished

Notes
Turn   | Place    | Note
-------+----------+-------------------------------------------
     0 | D:1      | Newt the Hill Orc Necromancer began the quest for the Orb.
     0 | D:1      | Reached XP level 1. HP: 14/14 MP: 3/3
    32 | D:1      | Reached XP level 2. HP: 1/20 MP: 0/4
   569 | D:1      | Found a faded altar of an unknown god.
  1280 | D:1      | Reached XP level 3. HP: 26/26 MP: 2/5
  2443 | D:3      | Reached XP level 4. HP: 34/34 MP: 4/7
  2450 | D:3      | Reached skill level 1 in Ranged Weapons
  2709 | D:3      | Noticed Natasha
  2719 | D:3      | Killed Natasha
  2732 | D:3      | Noticed Natasha
  2744 | D:3      | Killed from afar by Natasha

Illustrated notes

Levels and vault maps discovered:
D:1:      mrwooster_arrival_arrow, layout_loops_ring,
          ebering_ecumenical_altar_webs
D:2:      layout_loops_corners, chequers_serial_rivers_small_b,
          kennysheep_pointless_box
D:3:      layout_basic, lightli_temple_of_fire, minmay_misc_feat_secret_circle,
          uniq_sigmund, uniq_natasha, uniq_jessica

Skill      XL: |  1  2  3  4 |
---------------+-------------+-----
Spellcasting   | 2 |  2.1
Ranged Weapons | 2 |  2.0
Fighting       | |  0.6
Dodging        | |  1.6
Stealth        | |  1.6
Necromancy     | |  4.8
Poison Magic   | |  0.6

Action                   |  1- 3 |  4- 6 || total
-------------------------+-------+-------++-------
Melee: Unarmed           |    10 |       ||    10
 Fire: Sling             |    33 |    38 ||    71
 Cast: Necrotise         |    52 |    18 ||    70
  Use: Potion            |     1 |     1 ||     2
       Scroll            |       |     2 ||     2
Armor: Robe              |     5 |     4 ||     9
Dodge: Dodged            |    17 |    15 ||    32

Table legend: (Time is in decaauts)
 A = Elapsed time spent in this place.
 B = Non-inter-level travel time spent in this place.
 C = Inter-level travel time spent in this place.
 D = Time resting spent in this place.
 E = Time spent auto-exploring this place.
 F = Levels seen in this place.
 G = Mean time per level.
                   A        B        C        D        E       F      G
               +--------+--------+--------+--------+--------+-----+--------+
         Total |   2767 |   2736 |     31 |    330 |   2122 |   3 |  922.3 |
       Dungeon |   2767 |   2736 |     31 |    330 |   2122 |   3 |  922.3 |
               +--------+--------+--------+--------+--------+-----+--------+

Top non-repeatable levels by time:
     D:1: 1300 daAuts
     D:2: 970 daAuts
     D:3: 497 daAuts
